 Dungeon Crawl Stone Soup version 0.32-a0-834-geaf45d8e21 (webtiles) character file.

Game seed: 5572057161758640628

17467 cforsyth the Eclecticist (level 12, -20/69 HPs)
             Began as a Deep Elf Summoner on Mar 25, 2024.
             Was a Priest of Sif Muna.
             Killed from afar by an efreet (31 damage)
             ... with a bolt of fire
             ... on level 12 of the Dungeon.
             The game lasted 00:42:39 (15276 turns).

cforsyth the Eclecticist (Deep Elf Summoner)       Turns: 15276, Time: 00:42:41

Health: -20/69     AC:  7    Str:  8    XL:     12   Next: 19%
Magic:  7/33       EV: 16    Int: 32    God:    Sif Muna [***...]
Gold:   579        SH:  5    Dex: 21    Spells: 25/41 levels left

rFire   . . .        z - +10 rapier of Puacuhez {holy, Fly Str+3}
rCold   . . .        (no shield)
rNeg    + . .        y - +1 leather armour {rN+}
rPois   .            (no helmet)
rElec   .            s - +2 cloak {Stlth+}
rCorr   .            (no gloves)
SInv    .            (no boots)
Will    +....        j - amulet of reflection
Stlth   +++          D - +6 ring of dexterity
HPRegen 0.31/turn    I - +6 ring of intelligence
MPRegen 0.23/turn

%: reflection
@: flying
A: no striking features
a: Renounce Religion, Channel Magic, Forget Spell


You were on level 12 of the Dungeon.
You worshipped Sif Muna.
Sif Muna was most pleased with you.
You visited 1 branch of the dungeon, and saw 12 of its levels.
You also visited: Bailey.

You collected 774 gold pieces.
You spent 195 gold pieces at shops.


   Skills:
 + Level 5.9 Fighting
 + Level 9.0 Dodging
 - Level 2.4 Stealth
 - Level 15.0 Spellcasting
 + Level 13.7 Summonings
 - Level 4.0 Fire Magic
 - Level 4.0 Air Magic


You had 25 spell levels left.
You knew the following spells:

 Your Spells              Type           Power      Damage    Failure   Level
c - Call Imp              Summ           100%       N/A       0%          2
f - Call Canine Familiar  Summ           84%        N/A       1%          3
l - Summon Lightning Spi  Summ/Air       69%        N/A       1%          4
z - Summon Small Mammal   Summ           100%       N/A       0%          1
B - Blink                 Tloc           48%        N/A       4%          2
X - Summon Blazeheart Go  Fire/Summ      69%        N/A       1%          4

Your spell library contained the following spells:

 Spells                   Type           Power      Damage    Failure   Level
 Mercury Vapours          Alch/Air       72%        N/A       1%          2
 Animate Armour           Summ/Erth      100%       N/A       1%          4
 Sandblast                Erth           48%        2d12      2%          1
 Sting                    Conj/Alch      96%        1d9       2%          1
 Inner Flame              Hex/Fire       36%        N/A       3%          3
 Lesser Beckoning         Tloc           48%        N/A       4%          2
 Momentum Strike          Conj/Tloc      48%        3d9       4%          2
 Mephitic Cloud           Conj/Alch/Air  32%        N/A       4%          3
 Stone Arrow              Conj/Erth      48%        3d10      8%          3
 Ignite Poison            Fire/Alch      36%        N/A       12%         4
 Brom's Barrelling Bould  Conj/Erth      24%        2d5       26%         4
 Dispel Undead            Necr           24%        3d12      26%         4
 Fulminant Prism          Conj/Alch      12%        3d8       26%         4
 Olgreb's Toxic Radiance  Alch           24%        N/A       26%         4
 Passage of Golubria      Tloc           24%        N/A       26%         4
 Fireball                 Conj/Fire      18%        3d9       32%         5
 Silence                  Hex/Air        18%        N/A       32%         5
 Summon Horrible Things   Summ           42%        N/A       52%         8
 Irradiate                Conj/Alch      12%        3d15      58%         5
 Iskenderun's Battlesphe  Conj           24%        2d8       58%         5
 Plasma Beam              Fire/Air       24%        2x1d36    61%         6
 Malign Gateway           Summ/Tloc      30%        N/A       80%         7
 Spellforged Servitor     Conj/Summ      30%        N/A       80%         7
 Conjure Ball Lightning   Conj/Air       18%        3x3d6     87%         6
 Bombard                  Conj/Erth      12%        9d3       99%         6
 Orb of Destruction       Conj           12%        9d7       100%        7
 Ignition                 Fire           24%        3d8       100%        8
 Lehudib's Crystal Spear  Conj/Erth      12%        10d4      100%        8

Inventory:

Hand Weapons
 t - a +4 hammer of protection
 z - the +10 rapier of Puacuhez (weapon) {holy, Fly Str+3}
   (You found it in a bailey)

   Str+3:     It affects your strength (+3).
   Fly:       It grants you flight.
Missiles
 B - 6 throwing nets {=f}
Armour
 a - a +1 robe
 s - a +2 cloak of stealth (worn)
 y - a +1 leather armour of positive energy (worn)
 C - a +0 pair of gloves
Magical Staves
 E - a staff of air {!a}
 G - a staff of conjuration {!a}
Jewellery
 d - a +6 ring of dexterity
 j - an amulet of reflection (around neck)
 v - the ring "Oniapt" {*Slow Fly rElec rCorr Str-4}
   (You took it off a meliai on level 9 of the Dungeon)

   [ring of flight]

   Str-4:     It affects your strength (-4).
   rElec:     It insulates you from electricity.
   Fly:       It grants you flight.
   rCorr:     It protects you from acid and corrosion.
   *Slow:     It may slow you when you take damage.
 D - a +6 ring of dexterity (left hand)
 I - a +6 ring of intelligence (right hand)
 R - a ring of resist corrosion
Wands
 e - a wand of paralysis (7)
 n - a wand of digging (5)
 u - a wand of flame (17)
 J - a wand of warping (7)
 O - a wand of quicksilver (3)
Scrolls
 h - 2 scrolls of noise
 i - 3 scrolls of fear
 k - 2 scrolls of enchant weapon
 m - 3 scrolls of immolation
 q - a scroll of amnesia
 r - a scroll of enchant armour
 A - 5 scrolls of vulnerability
 M - a scroll of brand weapon {unknown}
 P - 3 scrolls of poison {unknown}
Potions
 b - 4 potions of magic
 c - a potion of enlightenment
 f - 2 potions of attraction
 g - 3 potions of haste {@q3}
 l - 2 potions of cancellation
 p - 4 potions of curing {@q1}
 w - a potion of resistance
 x - a potion of brilliance
 K - 2 potions of invisibility {unknown}
 L - a potion of degeneration {unknown}
 N - 2 potions of heal wounds {@q2}
 Q - a potion of might {unknown}
Miscellaneous
 F - a box of beasts

Dungeon Overview and Level Annotations

Branches:
Dungeon (12/15)            Temple (0/1) D:6            Lair (0/5) D:11
 Bailey (visited)
    Orc: D:9-12

Altars:
Cheibriados
Elyvilon
Gozag
Ru
Sif Muna
Trog
Uskayaw
Vehumet
Yredelemnul
Zin

Shops:
D:3 !   D:4 :   D:10 =

Annotations:
D:9 3 runed translucent doors

#####'#######.#~~~~###
#......# ##≈.~≈≈≈≈# #......#
##≈~.~≈≈≈≈#
#......###≈≈≈.~≈≈≈≈#
##......##≈≈≈≈.≈≈≈≈≈#
#.........~≈≈~.≈≈≈≈≈#
#.........#≈≈I.≈≈≈≈≈#
#.........##≈≈.~≈≈≈≈#
##...#....###~@9§§r5###
#...#....####.§R§c.).#☼..
####...#.#......§§§§☼○.)~#
~~~#~#~~~#...~~~~~..~§.~)†~#
~~~~~~~~~†~~~~~~~~~~~~~~S~#~~
~~~~~~~~~~~~~~~~.~~~~~~~~~~~~
~†~~†~~.#~~~~~....~~~~~~.~~~~
~~~~~~..#~.~......~~..~...~~~
~.~~.~..##.........~###.###~


You could see an efreet (ally target), a friendly lightning spire (summoned) and
a friendly blazeheart golem (summoned).


Message History

Unknown command.
Unknown command.
Your rat bites the yaktaur captain but does no damage.
The yaktaur captain shoots a bolt.
The bolt hits you!
* * * LOW HITPOINT WARNING * * *
Your cerulean imp barely misses the yaktaur captain.
Unknown command.
Unknown command.
Unknown command.
Unknown command.
Unknown command.
As you read the scroll of fog, it dissolves into smoke.
Your familiar recovers from its injuries.
An electric eel comes into view.
Your rat bites the yaktaur captain but does no damage.
Your cerulean imp hits the yaktaur captain with a +1 spear.
Unknown command.
Unknown command.
Unknown command.
Unknown command.
A bolt of electricity appears from out of your range of vision.
Unknown command.
Unknown command.
Casting: Summon Blazeheart Golem (dangerous; 1% risk of failure)
Confirm with . or Enter, or press ? or * to list all spells.
An electric hum fills the air.
The efreet gestures at you.
The bolt of fire hits your blazeheart golem.
The bolt of fire hits you!!
You die...

Skill      XL: |  1  2  3  4  5  6  7  8  9 10 11 12 |
---------------+-------------------------------------+-----
Spellcasting   | 4 5 6 7 10 12 14 15 | 15.0
Summonings     | 5 6 7 9 11 13 | 13.7
Fire Magic     | 2 3 4 |  4.0
Air Magic      | 2 3 4 |  4.0
Dodging        | 8 9 |  9.0
Fighting       | 5 |  5.9
Stealth        | |  2.4

Action                     |  1- 3 |  4- 6 |  7- 9 | 10-12 || total
---------------------------+-------+-------+-------+-------++-------
  Melee: Unarmed           |    27 |       |       |       ||    27
         Punch             |     1 |       |       |       ||     1
         Mace              |       |     3 |     2 |       ||     5
         Rapier            |       |       |       |    23 ||    23
   Cast: Summon Small Mamm |    48 |    22 |    19 |    13 ||   102
         Call Imp          |    19 |    29 |    27 |    68 ||   143
         Call Canine Famil |     4 |    29 |    20 |    56 ||   109
         Summon Lightning  |       |       |    16 |    77 ||    93
         Summon Blazeheart |       |       |     2 |     9 ||    11
  Evoke: Wand              |       |       |     2 |    12 ||    14
    Use: Scroll            |       |     7 |     6 |     7 ||    20
         Potion            |       |       |     1 |     1 ||     2
   Stab: Distracted        |     1 |       |       |     1 ||     2
 Armour: Robe              |    15 |    16 |    15 |       ||    46
         Leather armour    |       |       |     1 |    63 ||    64
  Dodge: Dodged            |    31 |    21 |     9 |    58 ||   119
  Block: Other             |     2 |     4 |     5 |    21 ||    32
         Reflection        |       |       |     1 |     3 ||     4

Levels and vault maps discovered:
D:1:      sevenhm_arrival_forest_fort_small_4, layout_basic, minmay_circled_x
D:2:      layout_basic, minmay_diced_spiral, uniq_crazy_yiuf_cottage
D:3:      layout_loops_ring, serial_shops, nicolae_shop_advertising_works
          [nicolae_subvault_shop_adworks], kennysheep_generic_room_4
D:4:      layout_loops_ring, marbit_many_paths, serial_shops,
          nicolae_shop_window_shopping, uniq_duvessa
D:5:      layout_layer_cave, grunt_decor_resistance
D:6:      layout_loops_ring, temple_fountains
D:7:      layout_basic, slow_altar_1, enter_bailey_3, grunt_ogre_cave,
          minmay_nine_imps, uniq_joseph, uniq_maggie
D:8:      layout_gridville, trog_butcher_becter,
          nicolae_yredelemnul_corpse_copse, minmay_overflow_temple_hex,
          minmay_misc_feat_pillars
D:9:      minmay_the_grid_triangle_9x9_rhombus_thin
          [minmay_the_grid_triangle_9x9_fully_insulated_deathbox,
          minmay_the_grid_triangle_9x9_prize_center,
          minmay_the_grid_triangle_9x9_zippers_vertical,
          minmay_the_grid_triangle_9x9_sprig], layout_loops_corners,
          nicolae_diode_quadrants
D:10:     layout_layer_cave, serial_shops, nicolae_lakefront_shop, uniq_nergalle
D:11:     layout_roguey, david_lair_generic, uniq_snorg
D:12:     minmay_bad_star, layout_basic, orc_0_dummy

Notes
Turn   | Place    | Note
-------+----------+-------------------------------------------
     0 | D:1      | cforsyth the Deep Elf Summoner began the quest for the Orb.
     0 | D:1      | Reached XP level 1. HP: 10/10 MP: 6/6
   335 | D:1      | Reached XP level 2. HP: 15/15 MP: 4/8
   338 | D:1      | Learned a level 2 spell: Call Imp
   715 | D:1      | Reached skill level 4 in Spellcasting
   740 | D:1      | Reached skill level 5 in Summonings
   740 | D:1      | Reached XP level 3. HP: 19/19 MP: 4/10
  1063 | D:2      | Learned a level 3 spell: Call Canine Familiar
  1108 | D:2      | Got Gastricupt's Book of Amorphous Ouranomancy
  2149 | D:2      | Found a runed translucent door.
  2150 | D:2      | Noticed Crazy Yiuf
  2289 | D:3      | Reached XP level 4. HP: 24/24 MP: 8/12
  2363 | D:3      | Reached skill level 5 in Spellcasting
  2588 | D:3      | Found Qelus's Distillery.
  2633 | D:3      | Bought a potion of heal wounds for 65 gold pieces
  2633 | D:3      | Bought a potion of haste for 130 gold pieces
  2997 | D:3      | Reached XP level 5. HP: 28/28 MP: 6/14
  3375 | D:2      | Killed Crazy Yiuf
  3376 | D:2      | Reached skill level 6 in Summonings
  3609 | D:4      | Found a glowing silver altar of Zin.
  3631 | D:4      | Noticed Duvessa
  3631 | D:4      | Noticed Dowan
  3858 | D:4      | Killed Dowan
  3859 | D:4      | Reached skill level 6 in Spellcasting
  4113 | D:4      | Reached XP level 6. HP: 32/32 MP: 11/17
  4192 | D:4      | Found Gaffof's Book Shop.
  4208 | D:4      | Learned a level 4 spell: Summon Blazeheart Golem
  4213 | D:4      | Learned a level 4 spell: Summon Lightning Spire
  4310 | D:4      | Killed Duvessa
  4310 | D:4      | HP: 1/32 [spore (31)]
  4311 | D:4      | Reached skill level 1 in Fire Magic
  4311 | D:4      | Reached skill level 1 in Air Magic
  4891 | D:5      | Entered Level 5 of the Dungeon
  5103 | D:5      | Reached skill level 7 in Spellcasting
  5103 | D:5      | Reached skill level 2 in Fire Magic
  5103 | D:5      | Reached skill level 2 in Air Magic
  5103 | D:5      | Reached XP level 7. HP: 22/36 MP: 12/19
  5244 | D:5      | Reached skill level 7 in Summonings
  5488 | D:5      | Reached skill level 3 in Fire Magic
  5488 | D:5      | Reached skill level 3 in Air Magic
  6524 | D:6      | Reached XP level 8. HP: 41/41 MP: 16/21
  6566 | D:6      | Found a staircase to the Ecumenical Temple.
  6628 | D:6      | Identified a potion of resistance
  6642 | D:6      | Reached skill level 8 in Spellcasting
  6799 | D:6      | Reached skill level 4 in Fire Magic
  6799 | D:6      | Reached skill level 4 in Air Magic
  7085 | D:7      | Noticed Joseph
  7087 | D:7      | Reached skill level 8 in Summonings
  7109 | D:7      | Killed Joseph
  7110 | D:7      | Reached skill level 9 in Spellcasting
  7131 | D:7      | Noticed Maggie
  7144 | D:7      | Found a flagged portal.
  7203 | Bailey   | Entered a bailey
  7224 | Bailey   | Reached skill level 9 in Summonings
  7227 | Bailey   | Reached skill level 10 in Spellcasting
  7292 | Bailey   | Reached XP level 9. HP: 45/45 MP: 19/25
  7348 | Bailey   | Noticed an orc knight
  7363 | Bailey   | Killed an orc knight
  7364 | Bailey   | Reached skill level 11 in Spellcasting
  7364 | Bailey   | Reached skill level 10 in Summonings
  7524 | Bailey   | Found a large runed translucent door.
  7524 | Bailey   | Found a large runed translucent door.
  7525 | Bailey   | Noticed a deep elf zephyrmancer
  7644 | Bailey   | Killed a deep elf zephyrmancer
  7680 | Bailey   | Identified the +10 rapier of Puacuhez {holy, Fly Str+3}
  7739 | D:7      | Reached skill level 12 in Spellcasting
  7878 | D:7      | Reached skill level 11 in Summonings
  7923 | D:7      | Killed Maggie
  7924 | D:7      | Reached XP level 10. HP: 41/50 MP: 8/28
  8059 | D:7      | Found a snail-covered altar of Cheibriados.
  8455 | D:7      | Reached skill level 13 in Spellcasting
  8915 | D:8      | Found a bloodstained altar of Trog.
  8991 | D:8      | Reached skill level 12 in Summonings
  9244 | D:8      | Found a basalt altar of Yredelemnul.
  9340 | D:8      | Reached skill level 14 in Spellcasting
  9710 | D:8      | Found a radiant altar of Vehumet.
  9710 | D:8      | Found a sacrificial altar of Ru.
  9710 | D:8      | Found a shimmering blue altar of Sif Muna.
  9710 | D:8      | Found a hide-covered altar of Uskayaw.
  9717 | D:8      | Found a white marble altar of Elyvilon.
  9717 | D:8      | Found an opulent altar of Gozag.
 10021 | D:8      | Became a worshipper of Sif Muna the Loreminder
 10588 | D:9      | Reached skill level 13 in Summonings
 10828 | D:9      | Found a transporter.
 10830 | D:9      | Found a transporter.
 10832 | D:9      | Found a transporter.
 10949 | D:9      | Reached * piety under Sif Muna
 11106 | D:9      | Found a runed translucent door.
 11107 | D:9      | Found a runed translucent door.
 11107 | D:9      | Noticed a deep elf pyromancer
 11107 | D:9      | Noticed a four-headed hydra
 11109 | D:9      | Found a runed translucent door.
 11139 | D:9      | Noticed a white ugly thing
 11141 | D:9      | Reached XP level 11. HP: 54/54 MP: 22/31
 11141 | D:9      | Identified the ring "Oniapt" {*Slow Fly rElec rCorr Str-4}
 11143 | D:9      | Noticed a brown ugly thing
 11183 | D:9      | Killed a white ugly thing
 11184 | D:9      | Reached skill level 15 in Spellcasting
 11257 | D:9      | Killed a brown ugly thing
 11258 | D:9      | Reached skill level 3 in Dodging
 11333 | D:9      | Reached skill level 1 in Fighting
 11486 | D:9      | Noticed a death knight
 11510 | D:9      | Killed a death knight
 11511 | D:9      | Reached skill level 2 in Fighting
 11511 | D:9      | Reached skill level 4 in Dodging
 11570 | D:9      | Got An Early Guide to Forbidden Power
 11715 | D:9      | Found a transporter.
 12158 | D:10     | Entered Level 10 of the Dungeon
 12293 | D:10     | Found Woenejof's Jewellery Boutique.
 12298 | D:10     | Reached skill level 5 in Dodging
 12426 | D:10     | Reached skill level 3 in Fighting
 12628 | D:10     | Reached skill level 6 in Dodging
 12704 | D:10     | Reached skill level 4 in Fighting
 12775 | D:10     | Noticed a two-headed ogre
 12788 | D:10     | Killed a two-headed ogre
 12789 | D:10     | Reached skill level 7 in Dodging
 12796 | D:10     | Reached ** piety under Sif Muna
 12852 | D:10     | Noticed Nergalle
 12868 | D:10     | Killed Nergalle
 13451 | D:10     | Learned a level 2 spell: Blink
 13461 | D:11     | Noticed Snorg
 13484 | D:11     | Reached skill level 5 in Fighting
 13490 | D:11     | Reached skill level 8 in Dodging
 13775 | D:11     | Found a staircase to the Lair.
 13981 | D:11     | Reached XP level 12. HP: 68/68 MP: 25/33
 14358 | D:11     | Killed Snorg
 14984 | D:12     | Reached skill level 9 in Dodging
 15047 | D:12     | Noticed a sphinx
 15047 | D:12     | Noticed a tengu reaver
 15047 | D:12     | Noticed a frost giant
 15048 | D:12     | Noticed a yaktaur captain
 15052 | D:12     | Noticed a yaktaur captain
 15264 | D:12     | Reached *** piety under Sif Muna
 15276 | D:12     | Killed from afar by an efreet

Vanquished Creatures
  An elephant (D:11)
  An unseen horror zombie (D:8)
  A killer bee (D:7)
  A howler monkey (D:9)
  7 electric eels (D:12)
  A dart slug (D:1)
  2 orcs
  A frilled lizard (D:2)
15 creatures vanquished.

Vanquished Creatures (collateral kills)
  Snorg (D:11)
  A death knight (D:9)
  A two-headed ogre (D:10)
  Nergalle (D:10)
  An orc knight (Bailey)
  A deep elf zephyrmancer (Bailey)
  2 ugly things (D:9)
  A cyclops (D:11)
  A manticore (D:9)
  Joseph (D:7)
  A meliai (D:9)
  Maggie (D:7)
  An unseen horror zombie (D:8)
  A tengu conjurer (D:12)
  A hornet (D:10)
  3 trolls
  A slime creature (D:9)
  2 wraiths
  2 wyverns
  14 yaks
  4 shadows
  2 basilisks (D:11)
  A steam dragon (D:9)
  2 vampire mosquitoes (D:11)
  Duvessa (D:4)
  12 orc warriors
  4 sky beasts (D:7)
  3 black bears
  2 ice beasts (D:7)
  2 ogres
  4 centaurs
  2 kobold brigands
  4 bullfrogs
  2 gnoll sergeants
  3 scorpions
  2 wyvern zombies (D:8)
  3 wights (D:8)
  Dowan (D:4)
  7 killer bees
  6 howler monkeys
  7 crimson imps (D:7)
  2 bombardier beetles
  2 hounds
  3 orc priests
  A centaur zombie (D:8)
  A gnoll bouda (D:9)
  3 jellies
  Crazy Yiuf (D:2)
  2 iguanas
  3 sleepcaps
  13 orc wizards
  2 killer bee zombies (D:8)
  2 howler monkey zombies (D:8)
  12 gnolls
  7 adders
  4 white imps
  2 ufetubi (D:4)
  3 dart slugs (D:1)
  2 ribbon worms
  46 orcs
  6 endoplasms
  2 giant cockroaches (D:1)
  6 goblins
  3 hobgoblins
  6 jackals
  18 kobolds
  5 quokkas
  7 ball pythons
  6 bats
  4 frilled lizards
  2 rats
288 creatures vanquished.

Vanquished Creatures (others)
  2 blazeheart cores
2 creatures vanquished.

Grand Total: 305 creatures vanquished

Table legend: (Time is in decaauts)
 A = Elapsed time spent in this place.
 B = Non-inter-level travel time spent in this place.
 C = Inter-level travel time spent in this place.
 D = Time resting spent in this place.
 E = Time spent auto-exploring this place.
 F = Levels seen in this place.
 G = Mean time per level.
                   A        B        C        D        E       F      G
               +--------+--------+--------+--------+--------+-----+--------+
         Total |  15286 |  14604 |    682 |   1045 |  10599 |  13 | 1175.8 |
       Dungeon |  14767 |  14085 |    682 |   1014 |  10344 |  12 | 1230.6 |
        Bailey |    519 |    519 |      0 |     31 |    255 |   1 |  519.0 |
               +--------+--------+--------+--------+--------+-----+--------+

Top non-repeatable levels by time:
     D:9: 2097 daAuts
     D:8: 1504 daAuts
     D:3: 1461 daAuts
     D:5: 1421 daAuts
     D:2: 1376 daAuts
    D:10: 1317 daAuts
    D:11: 1143 daAuts
     D:1: 1041 daAuts
     D:4: 1019 daAuts
     D:7: 973 daAuts
     D:6: 753 daAuts
    D:12: 658 daAuts
  Bailey: 519 daAuts

Table legend:
 A = Non-vault XP
 B = Vault XP
 C = Vault XP percentage of total XP
 D = Non-vault monster count
 E = Vault monster count
 F = Vault count percentage of total count
                 A         B        C        D         E       F
            +---------+---------+-------+---------+---------+-------
      Total |   13021 |   11932 |  47.8 |     225 |      78 |  25.7
            +---------+---------+-------+---------+---------+-------
        D:1 |      37 |       8 |  17.8 |      19 |       4 |  17.4
        D:2 |      17 |      55 |  76.4 |      10 |       5 |  33.3
        D:3 |     123 |      10 |   7.5 |      20 |       1 |   4.8
        D:4 |     213 |     213 |  50.0 |      14 |       3 |  17.6
        D:5 |     733 |       0 |   0.0 |      15 |       0 |   0.0
        D:6 |     429 |       0 |   0.0 |       7 |       0 |   0.0
        D:7 |    1430 |    1385 |  49.2 |      21 |      17 |  44.7
        D:8 |    1170 |    1366 |  53.9 |      21 |      13 |  38.2
        D:9 |    1359 |    3636 |  72.8 |      36 |      11 |  23.4
       D:10 |    4373 |     777 |  15.1 |      27 |       1 |   3.6
       D:11 |    2414 |    2018 |  45.5 |      18 |       5 |  21.7
       D:12 |     723 |     352 |  32.7 |      17 |       1 |   5.6
     Bailey |       0 |    2112 | 100.0 |       0 |      17 | 100.0
            +---------+---------+-------+---------+---------+-------
